 Dungeon Crawl Stone Soup version 0.27.1-35-g4d5d836560 (webtiles) character file.

Game seed: 5452606920308247242

300 Theotherone the Digger (level 6, -15/32 HPs)
             Began as a Gargoyle Earth Elementalist on Jan 21, 2022.
             Demolished by a two-headed ogre (18 damage)
             ... on level 4 of the Dungeon on Mar 5, 2022.
             The game lasted 00:22:17 (5074 turns).

Theotherone the Digger (GrEE)                       Turns: 5074, Time: 00:22:18

Health: -15/32     AC:  6    Str: 12    XL:     6   Next: 36%
Magic:  9/9        EV: 11    Int: 17    God:
Gold:   186        SH:  0    Dex: 10    Spells: 5/9 levels left

rFire    . . .     SeeInvis .   e - staff of conjuration
rCold    . . .     Faith    .   (no shield)
rNeg     + . .     Spirit   .   b - +0 robe
rPois    ∞         Reflect  .   (no helmet)
rElec    +         Harm     .   (no cloak)
rCorr    .         Rampage  .   (no gloves)
Will     .....                  (no boots)
Stlth    ++........             (no amulet)
HPRegen  0.10/turn              (no ring)
MPRegen  0.11/turn              (no ring)

@: no status effects
A: sickness immunity, AC +4, negative energy resistance 1, electricity
resistance, torment resistance 1, petrification resistance
a: no special abilities


You were on level 4 of the Dungeon.
You visited 1 branch of the dungeon, and saw 4 of its levels.

You collected 186 gold pieces.

Inventory:

Hand Weapons
 a - a +0 short sword
 k - a +2 vampiric dagger
 o - a +0 rapier
 s - a +1 short sword of freezing
Missiles
 c - 146 stones
Armour
 b - a +0 robe (worn)
Magical Staves
 e - a staff of conjuration (weapon)
 m - a staff of death
Jewellery
 v - an amulet of faith
Wands
 q - a wand of flame (10)
Scrolls
 f - a scroll of enchant armour {unknown}
 g - 2 scrolls of noise {unknown}
 j - 2 scrolls of summoning {unknown}
 l - 2 scrolls of teleportation {unknown}
 n - a scroll of amnesia {unknown}
 p - a scroll of magic mapping {unknown}
 u - a scroll of enchant weapon {unknown}
Potions
 d - a potion of degeneration {unknown}
 h - a potion of cancellation {unknown}
 i - 5 potions of curing
 r - a potion of invisibility {unknown}
 t - a potion of might {unknown}


   Skills:
 - Level 1.5 Dodging
 - Level 2.1 Stealth
 - Level 2.0 Spellcasting
 + Level 4.0 Conjurations
 - Level 0.7 Transmutations
 + Level 6.9 Earth Magic


You had 5 spell levels left.
You knew the following spells:

 Your Spells              Type           Power      Damage    Failure   Level
a - Sandblast             Erth           50%        2d12      1%          1
b - Stone Arrow           Conj/Erth      60%        3d10      6%          3

Your spell library contained the following spells:

 Spells                   Type           Power      Damage    Failure   Level
 Passwall                 Tmut/Erth      11%        N/A       6%          2
 Foxfire                  Conj/Fire      48%        2x1d6     9%          1
 Conjure Flame            Conj/Fire      12%        6-21      26%         3
 Petrify                  Tmut/Erth      14%        N/A       36%         4
 Inner Flame              Hex/Fire       1%         N/A       50%         3


Dungeon Overview and Level Annotations

Branches:
Dungeon (4/15)
 Temple: D:4-7

Altars:
Nemelex Xobeh

Shops:
D:3 ***


Innate Abilities, Weirdness & Mutations

You are immune to sickness and miasma.
Your stone body is resilient. (AC +4)
You are immune to poison.
You resist negative energy. (rN+)
You are resistant to electric shocks. (rElec)
You are resistant to unholy torment.
You are immune to petrification.


Message History

Unknown command.
Unknown command.
Unknown command.
Unknown command.
Unknown command.
Unknown command.
You start resting.
HP restored.
Unknown command.
Unknown command.
You start resting.
Magic restored.
A goblin comes into view. It is wielding a +0 dagger.
The goblin shouts!
The goblin misses you.
You hit the goblin but do no damage. The goblin hits you but does no damage.
You hit the goblin.
You kill the goblin!
You now have 186 gold pieces (gained 6).
Things that are here:
a +0 dagger; a +0 leather armour; a goblin corpse Unknown command.
Unknown command.
Unknown command.
Unknown command.
A two-headed ogre comes into view.
It is wielding a +0 giant spiked club and a +0 giant club.
Found a book of Blood and an orange potion.
Found 5 gold pieces.
The two-headed ogre misses you. The two-headed ogre barely misses you.
You hit the two-headed ogre.
The two-headed ogre is lightly wounded.
The two-headed ogre hits you with a +0 giant spiked club!
The two-headed ogre hits you with a +0 giant club!!
Ouch! That really hurt!
* * * LOW HITPOINT WARNING * * *
You hit the two-headed ogre.
The two-headed ogre is lightly wounded.
The two-headed ogre hits you with a +0 giant spiked club!!
Ouch! That really hurt!
You die...

##############
#............#
#...##..####.##########
#...#.....#............
#...##.##.#.......#####
#...'..#..........# #.
#...####..#.#.....# #.
#...####..#...###.# #.
#...O@...'....##.# #.
#.########....##.####.
:.. ..............
...$. #####.##.#.#..
.!..... # #.......
....... ....#.###
....... ###..#....
######. ........#
.....###.#


You could see a two-headed ogre.

Vanquished Creatures
  A phantom (D:4)
  2 hounds (D:4)
  A bullfrog skeleton (D:4)
  A hound skeleton (D:4)
  3 adders
  2 worms
  5 dart slugs
  An orc (D:3)
  8 endoplasms
  4 giant cockroaches
  5 hobgoblins
  3 jackals (D:3)
  3 quokkas (D:2)
  6 ball pythons
  16 bats
  3 frilled lizards
  9 goblins
  4 kobolds
  2 rats (D:3)
79 creatures vanquished.

Notes
Turn   | Place    | Note
-------+----------+-------------------------------------------
     0 | D:1      | Theotherone the Gargoyle Earth Elementalist began the quest
                  | for the Orb.
     0 | D:1      | Reached XP level 1. HP: 10/10 MP: 3/3
    89 | D:1      | Reached skill level 4 in Earth Magic
   195 | D:1      | Reached XP level 2. HP: 15/15 MP: 3/5
   736 | D:1      | Reached XP level 3. HP: 17/19 MP: 6/6
   740 | D:1      | Learned a level 3 spell: Stone Arrow
   799 | D:1      | Reached skill level 5 in Earth Magic
  1831 | D:2      | Reached skill level 1 in Conjurations
  2199 | D:2      | Reached XP level 4. HP: 21/24 MP: 7/7
  2232 | D:2      | Found a faded altar of an unknown god.
  2560 | D:3      | Found Isasehe's General Store.
  2767 | D:3      | Found Cisaodda's Assorted Antiques.
  3384 | D:3      | Found a sparkling altar of Nemelex Xobeh.
  3794 | D:3      | Upgraded the game from 0.27.1-34-g3ba077fa99 to
                  | 0.27.1-35-g4d5d836560
  3821 | D:3      | Reached XP level 5. HP: 22/28 MP: 8/8
  3951 | D:3      | Found Mephupteu's Assorted Antiques.
  4159 | D:4      | Reached skill level 6 in Earth Magic
  4483 | D:4      | Noticed a phantom
  4491 | D:4      | Killed a phantom
  4492 | D:4      | Reached XP level 6. HP: 9/32 MP: 4/9
  5066 | D:4      | Noticed a two-headed ogre
  5074 | D:4      | Demolished by a two-headed ogre

Illustrated notes

Levels and vault maps discovered:
D:1:      wander_arrival_desolate, layout_basic
D:2:      layout_rooms, ebering_ecumenical_altar_mist
D:3:      minmay_chambers_of_twos, layout_loops_corners,
          mainiacjoe_overflow_brackets, serial_shops, shop, shop,
          nicolae_shop_crystal
D:4:      layout_basic, chequers_temple_overflow_statue_of_worship,
          uniq_crazy_yiuf_cottage

Skill      XL: |  1  2  3  4  5  6 |
---------------+-------------------+-----
Earth Magic    | 4 5 6 |  6.9
Conjurations   | 1 2 3 4 |  4.0
Dodging        | |  1.5
Stealth        | |  2.1
Spellcasting   | |  2.0
Transmutations | |  0.7

Action                   |  1- 3 |  4- 6 || total
-------------------------+-------+-------++-------
Melee: Unarmed           |     2 |       ||     2
       Staff             |    60 |    81 ||   141
       Short sword       |     1 |       ||     1
       Dagger            |       |    32 ||    32
 Cast: Sandblast         |    39 |    32 ||    71
 Stab: Sleeping          |     4 |     6 ||    10
Armor: Robe              |    43 |    56 ||    99
Dodge: Dodged            |    66 |   107 ||   173
